 Dungeon Crawl Stone Soup version 0.31.0-11-ge490571c62 (webtiles) character file.

Game seed: 13895861709224937711

16943 bearlyready the Mimic (level 12, -6/79 HPs)
             Began as an Octopode Shapeshifter on Feb 7, 2024.
             Was an Initiate of Gozag.
             Mangled by a troll simulacrum (19 damage)
             ... in an ice cave.
             The game lasted 00:22:43 (12746 turns).

bearlyready the Mimic (Octopode Shapeshifter)      Turns: 12746, Time: 00:22:44

Health: -6/79      AC:  1    Str: 18    XL:     12   Next: 42%
Magic:  12/12      EV: 23    Int: 12    God:    Gozag
Gold:   4267       SH:  0    Dex: 12    Spells: 11/11 levels left

rFire   . .          .
                       - Unarmed
rCold   . . .        (shield currently unavailable)
rNeg    . . .        (helmet restricted)
rPois   +            (no amulet)
rElec   .            y - ring of poison resistance
rCorr   .            H - +5 ring of evasion
SInv    .            C - ring of flight
Will    .....        (no ring)
Stlth   +            (no ring)
HPRegen 0.33/turn    (no ring)
MPRegen 0.13/turn    (no ring)
                     (no ring)

%: no passive effects
@: flux-form, gold aura, flying, glowing, unable to read
A: glow, contaminating, almost no armour, amphibious, 8 rings, camouflage 1,
gelatinous body 1, (nimble swimmer 1), tentacles, inability to read after injury
1
a: Begin Untransformation, Renounce Religion, Potion Petition, Call Merchant,
Bribe Branch


You were in an ice cave.
You worshipped Gozag.
Gozag was most pleased with you.
You were something dangerously unstable.
You visited 2 branches of the dungeon, and saw 13 of its levels.
You also visited: Sewer, Ossuary and Ice Cave.

You collected 4327 gold pieces.
You paid 60 gold pieces to Gozag.

Inventory:

Missiles
 f - 151 stones
 h - 49 poisoned darts (quivered)
 M - a curare-tipped dart
 P - 3 boomerangs
 S - a throwing net
Armour
 z - an orb of energy
 I - a scarf of repulsion
 U - a scarf of invisibility
Jewellery
 l - the amulet of Elemental Vulnerability {rPois rF-- rC-- AC+8}
   (You found it on level 2 of the Dungeon)

   [amulet of nothing]

   AC+8:      It affects your AC (+8).
   rF--:      It makes you very vulnerable to fire.
   rC--:      It makes you very vulnerable to cold.
   rPois:     It protects you from poison
 t - a ring of fire
 y - a ring of poison resistance (left tentacle)
 C - a ring of flight (on tentacle)
 H - a +5 ring of evasion (right tentacle)
Talismans
 b - a beast talisman
 c - a flux talisman (active)
 p - a dragon-blood talisman
 u - a beast talisman
 L - a beast talisman
Wands
 N - a wand of paralysis (3)
 Q - a wand of mindburst (8)
 T - a wand of roots (2)
Scrolls
 e - a scroll of vulnerability
 g - a scroll of enchant weapon
 k - 4 scrolls of amnesia
 m - a scroll of teleportation
 v - 3 scrolls of revelation
 A - 2 scrolls of enchant armour
 F - a scroll of torment
 J - 6 scrolls of identify
 K - 3 scrolls of fog
 O - a scroll of blinking {unknown}
 R - 2 scrolls of immolation {unknown}
Potions
 a - 2 potions of lignification
 d - 3 potions of degeneration
 i - 2 potions of enlightenment
 j - 3 potions of mutation
 n - a potion of cancellation
 o - 9 potions of curing
 q - 4 potions of brilliance {unknown}
 r - 3 potions of heal wounds
 s - a potion of haste
 w - 3 potions of resistance {unknown}
 x - 2 potions of berserk rage {unknown}
 B - 5 potions of ambrosia
 D - 4 potions of invisibility {unknown}
 E - 2 potions of might {unknown}
 G - a potion of attraction {unknown}


   Skills:
 + Level 6.2 Fighting
 + Level 3.7 Dodging
 + Level 10.5 Unarmed Combat
 + Level 4.6 Evocations
 + Level 14.3 Shapeshifting


You had 11 spell levels left.
You didn't know any spells.
Your spell library contained the following spells:

 Spells                   Type           Power      Damage    Failure   Level
 Call Imp                 Summ           0%         N/A       45%         2
 Sublimation of Blood     Necr           0%         N/A       45%         2
 Dazzling Flash           Conj/Hex       0%         N/A       69%         3
 Tukima's Dance           Hex            0%         N/A       69%         3
 Volatile Blastmotes      Fire/Tloc      0%         2d10      69%         3
 Passage of Golubria      Tloc           0%         N/A       97%         4
 Yara's Violent Unravell  Hex/Alch       0%         3d3       100%        5
 Starburst                Conj/Fire      0%         6d3       100%        6
 Summon Hydra             Summ           0%         N/A       100%        7
 Maxwell's Capacitive Co  Air            0%         ∞         100%        8


Dungeon Overview and Level Annotations

Branches:
Dungeon (11/15)            Temple (0/1) D:6            Lair (2/5) D:10
  Snake (0/4) Lair:2          Orc (0/2) D:10          Sewer (visited)
Ossuary (visited)           IceCv (1/1)
  Swamp: Lair:2-3    Shoals: Lair:2-3

Altars:
Ashenzari
Gozag
Nemelex Xobeh
Trog
Xom
Zin

Shops:
D:4 :   D:10 (

Annotations:
Lair:1 3 runed translucent doors, VoidStrider's ghost, journeyman TeAE
Lair:2 Urug


Innate Abilities, Weirdness & Mutations

You are something dangerously unstable.
You glow with magical radiation, making you easy to see and hit.
Foes you strike become dangerously contaminated with magical radiation.
You are incapable of wielding weapons or throwing items.
You cannot wear most types of armour.
You are amphibious.
You can wear up to eight rings at the same time.
Your skin changes colour to match your surroundings (Stealth+).
Your rubbery body absorbs attacks. (AC +1, EV +1)
((You are camouflaged when in or above water. (Stealth+)))
You have tentacles for arms and can constrict up to eight enemies at once.
You occasionally lose the ability to read scrolls when taking damage.


Message History

You constrict the cane toad simulacrum.
You tentacle-slap the cane toad simulacrum.
The cane toad simulacrum begins to glow.
You squeeze the cane toad simulacrum, but do no damage.
The cane toad simulacrum is heavily damaged.
You constrict the cane toad simulacrum. The cane toad simulacrum misses you.
The cane toad simulacrum closely misses you.
You tentacle-slap the cane toad simulacrum.
The cane toad simulacrum glows dangerously bright.
You squeeze the cane toad simulacrum, but do no damage.
The cane toad simulacrum is severely damaged.
You constrict the cane toad simulacrum. The cane toad simulacrum hits you.
The cane toad simulacrum freezes you!
The cane toad simulacrum closely misses you.
The troll simulacrum is distracted by your dazzling golden aura.
You tentacle-slap the cane toad simulacrum.
The cane toad simulacrum vaporises!
The troll simulacrum is no longer distracted by gold.
The cane toad simulacrum completely misses you.
You barely miss the cane toad simulacrum.
You grab the cane toad simulacrum. You constrict the cane toad simulacrum.
You tentacle-slap the troll simulacrum but do no damage.
The troll simulacrum begins to glow.
You constrict the cane toad simulacrum.
The cane toad simulacrum hits you but does no damage.
The troll simulacrum bites you. The troll simulacrum freezes you!
The troll simulacrum closely misses you.
The troll simulacrum claws you!
You feel threatened and lose the ability to read scrolls!
The troll simulacrum freezes you!!
* * * LOW HITPOINT WARNING * * *
You feel much better.
You constrict the cane toad simulacrum.
The cane toad simulacrum is distracted by your dazzling golden aura.
The elephant simulacrum is distracted by your dazzling golden aura.
The troll simulacrum bites you. The troll simulacrum freezes you!
* * * LOW HITPOINT WARNING * * *
The troll simulacrum claws you!
* * * LOW HITPOINT WARNING * * *
The troll simulacrum freezes you!!
You die...
Your body crumbles into a pile of gold.

.......
.....Z
....5
#Z.. #Z.
#..##
#.Z##
##Z.#
##pZ.#
##...##
#...##
#...##
##...#
##...##
##.....##
#...∩...#
#.......#


You could see an elephant simulacrum (unaware), a cane toad simulacrum (unaware)
and a troll simulacrum (contam).

Vanquished Creatures
  Harold (Lair:1)
  2 two-headed ogres (D:9)
  An ugly thing (D:9)
  Joseph (D:7)
  An elephant (Lair:2)
  A manticore (D:11)
  Maggie (D:7)
  A torpor snail (Lair:1)
  3 cane toads (Lair:1)
  4 komodo dragons
  An unseen horror (D:10)
  A queen bee (D:9)
  Prince Ribbit (D:5)
  3 dream sheep (Lair:1)
  Sigmund (D:4)
  4 wyverns
  13 yaks
  A steam dragon (D:9)
  4 vampire mosquitoes (D:10)
  A basilisk (Lair:1)
  A death yak simulacrum (IceCv)
  2 acid dragons (D:9)
  4 water moccasins
  7 orc warriors
  An ice beast (D:7)
  2 sky beasts (D:7)
  2 ogres
  4 black bears
  A phantom (D:5)
  12 centaurs
  3 kobold brigands
  Blork the orc (D:6)
  7 bullfrogs
  A cane toad simulacrum (IceCv)
  10 wights
  17 killer bees (D:9)
  4 howler monkeys
  5 orc priests
  4 bombardier beetles
  3 hounds
  6 iguanas
  A sleepcap (D:8)
  5 orc wizards
  A polar bear simulacrum (IceCv)
  A spriggan simulacrum (IceCv)
  2 wolf simulacra (IceCv)
  8 mummies (Ossuary)
  7 gnolls
  8 adders
  A river rat (Sewer)
  A shadow imp (D:6)
  3 white imps
  2 ufetubi (D:5)
  2 dart slugs (D:3)
  2 ribbon worms
  51 orcs
  4 ball pythons (D:4)
  3 endoplasms
  5 giant cockroaches
  18 goblins
  12 hobgoblins
  6 jackals
  2 quokkas (D:3)
  3 bats
  8 frilled lizards
  A gnoll zombie (Ossuary)
  3 hobgoblin zombies (Ossuary)
  23 kobolds
  2 kobold zombies (Ossuary)
  2 orc zombies (Ossuary)
  10 rats
340 creatures vanquished.

Notes
Turn   | Place    | Note
-------+----------+-------------------------------------------
     0 | D:1      | bearlyready the Octopode Shapeshifter began the quest for
                  | the Orb.
     0 | D:1      | Reached XP level 1. HP: 13/13 MP: 1/1
    94 | D:1      | Reached XP level 2. HP: 14/18 MP: 2/2
   601 | D:2      | Found the amulet of Elemental Vulnerability {rPois rF--
                  | rC-- AC+8}
   685 | D:2      | Reached XP level 3. HP: 23/23 MP: 3/3
  1106 | D:3      | Reached XP level 4. HP: 21/28 MP: 4/4
  1282 | D:3      | Reached skill level 4 in Shapeshifting
  1586 | D:4      | Found an opulent altar of Gozag.
  1610 | D:4      | Became a worshipper of Gozag Ym Sagoz the Greedy
  1634 | D:4      | Reached XP level 5. HP: 33/33 MP: 5/5
  1651 | D:4      | Found a glowing drain.
  1655 | Sewer    | Entered a sewer
  1750 | Sewer    | Noticed a kobold brigand
  1752 | Sewer    | Noticed a kobold brigand
  1755 | Sewer    | Identified a scroll of acquirement
  1755 | Sewer    | Acquired 1193 gold pieces
  1776 | Sewer    | Killed a kobold brigand
  1782 | Sewer    | Killed a kobold brigand
  1783 | Sewer    | Reached skill level 5 in Unarmed Combat
  1783 | Sewer    | Reached XP level 6. HP: 20/38 MP: 6/6
  1864 | Sewer    | Reached skill level 5 in Shapeshifting
  1894 | Sewer    | Found a white marble altar of Elyvilon.
  1947 | D:4      | Noticed a black bear
  1971 | D:4      | Noticed a black bear
  1993 | D:4      | Killed a black bear
  2113 | D:4      | Found Wumoab's Book Boutique.
  2116 | D:4      | Noticed Sigmund
  2142 | D:4      | Killed Sigmund
  2143 | D:4      | Reached XP level 7. HP: 13/43 MP: 7/7
  2336 | D:4      | Found a shimmering altar of Xom.
  2422 | D:4      | Reached skill level 6 in Shapeshifting
  2774 | D:5      | Entered Level 5 of the Dungeon
  2938 | D:5      | Reached XP level 8. HP: 38/48 MP: 8/8
  3184 | D:5      | Found a bloodstained altar of Trog.
  3237 | D:5      | Noticed Prince Ribbit
  3249 | D:5      | Killed Prince Ribbit
  3250 | D:5      | Reached skill level 7 in Shapeshifting
  3710 | D:6      | Reached XP level 9. HP: 29/53 MP: 9/9
  3723 | D:6      | Found a sand-covered staircase.
  3727 | Ossuary  | Entered an ossuary
  3783 | Ossuary  | Reached skill level 8 in Shapeshifting
  4008 | D:6      | Found a broken altar of Ashenzari.
  4353 | D:6      | Noticed Blork the orc
  4363 | D:6      | Gained mutation: You occasionally lose the ability to read
                  | scrolls when taking damage. [potion of mutation]
  4365 | D:6      | Killed Blork the orc
  4541 | D:6      | Found a staircase to the Ecumenical Temple.
  5312 | D:7      | Noticed Joseph
  5329 | D:7      | HP: 2/79 [Joseph/+0 quarterstaff (10)]
  5332 | D:7      | Killed Joseph
  5333 | D:7      | Reached skill level 9 in Shapeshifting
  5541 | D:7      | Reached skill level 10 in Unarmed Combat
  5858 | D:7      | Reached XP level 10. HP: 61/61 MP: 10/10
  6072 | D:7      | Noticed Maggie
  6086 | D:7      | Killed Maggie
  6711 | D:8      | Reached skill level 10 in Shapeshifting
  7479 | D:9      | Noticed a red ugly thing
  7490 | D:9      | Killed a red ugly thing
  7492 | D:9      | Noticed a two-headed ogre
  7630 | D:9      | Reached skill level 11 in Shapeshifting
  7638 | D:9      | Noticed a two-headed ogre
  7707 | D:9      | Killed a two-headed ogre
  8027 | D:9      | Reached skill level 12 in Shapeshifting
  8027 | D:9      | Reached XP level 11. HP: 56/69 MP: 11/11
  8432 | D:9      | Killed a two-headed ogre
  8546 | D:9      | Reached skill level 13 in Shapeshifting
  9010 | D:9      | Found a sparkling altar of Nemelex Xobeh.
  9013 | D:9      | Found a glowing silver altar of Zin.
  9083 | D:10     | Entered Level 10 of the Dungeon
  9139 | D:10     | Found a staircase to the Lair.
  9564 | D:10     | Found Ypaucs's Antique Weapon Shop.
  9985 | D:10     | Found a staircase to the Orcish Mines.
 10350 | D:11     | Noticed a manticore
 10358 | D:10     | Reached skill level 1 in Evocations
 10528 | D:11     | Killed a manticore
 10764 | D:11     | Noticed a manticore
 10765 | D:11     | Noticed a manticore
 11010 | Lair:1   | Entered Level 1 of the Lair of Beasts
 11010 | Lair:1   | Noticed Harold
 11018 | Lair:1   | Killed Harold
 11019 | Lair:1   | Reached skill level 5 in Fighting
 11019 | Lair:1   | Reached skill level 14 in Shapeshifting
 11144 | Lair:1   | Found a runed translucent gate.
 11145 | Lair:1   | Found a runed translucent gate.
 11147 | Lair:1   | Found a runed translucent gate.
 11148 | Lair:1   | Noticed VoidStrider's ghost (journeyman TeAE)
 11149 | Lair:1   | Noticed a four-headed hydra
 11313 | Lair:1   | Reached XP level 12. HP: 77/77 MP: 12/12
 12349 | Lair:2   | Noticed a seven-headed hydra
 12398 | Lair:2   | Noticed Urug
 12550 | Lair:2   | Found a frozen archway.
 12618 | IceCv    | Entered an ice cave
 12746 | IceCv    | Mangled by a troll simulacrum

Illustrated notes

Levels and vault maps discovered:
D:1:      spicycebolla_arrival_clurvy, layout_rooms
D:2:      layout_rooms
D:3:      layout_rooms
D:4:      layout_rooms, kennysheep_mini_moat, lemuel_tele_altar,
          mainiacjoe_sewer_entry_somewhere_in_here_2, serial_shops,
          nicolae_shop_crystal, serial_forest, infiniplex_forest_lined_ring,
          infiniplex_forest_3_way, infiniplex_forest_end_1,
          infiniplex_forest_lined_room_3, infiniplex_forest_clump_double,
          uniq_sigmund
D:5:      layout_rooms, mainiacjoe_overflow_alcove_1, serial_glass,
          glass_columns_b, glass_columns_c, grunt_ministairs_15,
          uniq_prince_ribbit1
D:6:      layout_layer_cave, evilmike_ruin_ashenzari, minmay_temple_entry_grid,
          enter_ossuary_5, uniq_blork_the_orc
D:7:      corexii_shantytown, layout_gridville, grunt_ministairs_15, hex_medium,
          uniq_joseph, uniq_maggie
D:8:      layout_loops_ring
D:9:      layout_basic, minitemple, minivault_7
D:10:     layout_basic, david_lair_shrubbed, orc_0_dummy, serial_shops,
          nicolae_shop_hallway_plus, uniq_lodul
D:11:     layout_irregular_city, minivault_19
Lair:1:   beast_lair_carwin_large_2, layout_cave_pods, gammafunk_ghost_split,
          chequers_serial_rivers_micro_e, uniq_harold
Lair:2:   nzn_winding_woodlands_stair_cross
          [nzn_winding_woodlands_5x15_split_checker,
          nzn_winding_woodlands_center_lodge,
          nzn_winding_woodlands_5x15_river_crossing,
          nzn_winding_woodlands_hourglass, nzn_winding_woodlands_5x5_default,
          nzn_winding_woodlands_5x15_default,
          nzn_winding_woodlands_center_triple_pond,
          nzn_winding_woodlands_5x15_pool], layout_regular_city,
          guppyfry_snake_entry_island, portal_ice_cave_entry_pillars_2,
          uniq_urug
IceCv:    ice_cave_small_necro

Skill      XL: |  1  2  3  4  5  6  7  8  9 10 11 12 |
---------------+-------------------------------------+-----
Unarmed Combat | 4 5 6 7 8 10 | 10.5
Shapeshifting  | 4 5 6 7 9 12 14 | 14.3
Fighting       | 2 4 5 6 |  6.2
Evocations     | 3 4 |  4.6
Dodging        | 3 |  3.7

Action                     |  1- 3 |  4- 6 |  7- 9 | 10-12 || total
---------------------------+-------+-------+-------+-------++-------
  Melee: Unarmed           |    60 |   101 |   195 |   509 ||   865
         Constrict         |    12 |    22 |    54 |    85 ||   173
         Tentacles         |    12 |    19 |    61 |   144 ||   236
         Punch             |       |     2 |    15 |     8 ||    25
  Throw: Dart              |       |     5 |    13 |     9 ||    27
Ability: Begin Untransform |       |       |       |     2 ||     2
  Evoke: Wand              |       |       |       |     2 ||     2
    Use: Scroll            |       |     5 |     3 |     8 ||    16
         Potion            |       |     1 |     4 |     6 ||    11
   Stab: Sleeping          |     4 |     1 |     8 |    10 ||    23
         Distracted        |     1 |       |     1 |     3 ||     5
 Armour: Skin              |    25 |    33 |    92 |   222 ||   372
  Dodge: Dodged            |    32 |    39 |    78 |   472 ||   621
   Form: Dragon            |       |       |       |     1 ||     1
         Flux              |       |       |       |     1 ||     1
